Match 27157737
Unlisted

Match 27157737
End
Selects Italian Combined Arms Battlegroup
Selects Italian Combined Arms Battlegroup
Selects Bersaglieri Squad
Bersaglieri Squad
Kradschützen Motorcycle Team
Bersaglieri Squad
Construct Light Support Kompanie
Panzerjäger Squad
Bersaglieri Squad
Construct Mechanized Kompanie
Selects Bersaglieri Bolster
8 Rad Armored Car
Selects Breda Model 30 Light Machine Guns
254 Reconnaissance Tractor
8 Rad Armored Car
Hunter GLA
Reactive
Malevolent Pink Cat
Hevsik
Thib_Soldier
Jork Sparra
JIANHU
TIAmoRoselia.
0
0

Comments sign in to comment!

No comments posted yet!